 Dungeon Crawl Stone Soup version 0.31-a0-45-g5f0c076935 (webtiles) character file.

Game seed: 11619154639345810121

1 AlmostDecent the Magician (level 1, 15/15 HPs)
             Began as a Djinni Conjurer on May 21, 2023.
             Quit the game on level 1 of the Dungeon.
             The game lasted 00:01:34 (84 turns).

AlmostDecent the Magician (Djinni Conjurer)           Turns: 84, Time: 00:01:34

Health: 15/15      AC:  2    Str:  6    XL:     1   Next: 22%
Gold:   9          EV: 12    Int: 19    God:
                   SH:  0    Dex: 11

rFire   + + .        (no weapon)
rCold   x . .        (no shield)
rNeg    . . .        a - +0 robe
rPois   ∞            (no helmet)
rElec   .            (no cloak)
rCorr   .            (no gloves)
SInv    .            (boots unavailable)
Will    .....        (no amulet)
Stlth   ++           (no ring)
HPRegen 0.22/turn    (no ring)
MPRegen 0.00/turn

%: no passive effects
@: flying
A: sickness immunity, fire resistance 2, cold vulnerability 1, float, innate
caster, HP casting, extra vitality 1
a: no special abilities


You were on level 1 of the Dungeon.
You visited 1 branch of the dungeon, and saw 1 of its levels.

You collected 9 gold pieces.

Inventory:

Armour
 a - a +0 robe (worn)
Scrolls
 b - a scroll of immolation {unknown}
 c - a scroll of identify {unknown}
 d - a scroll of poison {unknown}


   Skills:
 + Level 2.3 Dodging
 + Level 1.5 Stealth
 * Level 3.2 Spellcasting


You knew the following spells:

 Your Spells              Type           Power      Damage    Failure   Level
a - Magic Dart            Conj           60%        1d6       3%          1
b - Searing Ray           Conj           30%        2d5       6%          2
c - Dazzling Flash        Conj/Hex       30%        N/A       12%         3
d - Fulminant Prism       Conj/Hex       7%         3d6       36%         4
e - Iskenderun's Mystic   Conj/Tloc      15%        2d5       36%         4
Your spell library was empty.

Dungeon Overview and Level Annotations

Branches:
Dungeon (1/15)

Altars:


Innate Abilities, Weirdness & Mutations

You are immune to sickness and miasma.
You are immune to poison.
Your flesh is very heat resistant. (rF++)
You are vulnerable to cold. (rC-)
You float through the air rather than walking.
You learn spells naturally, not from books.
Your magical power is your life essence.
You have superior vitality. (+4 MHP)


Message History

Welcome, AlmostDecent the Djinni Conjurer.
The Orb of Zot is coveted for many reasons.
Will you seize it for your own?
Press ? for a list of commands and other information.
Found 3 gold pieces.
Found a staircase leading out of the dungeon.
You begin with the following spells memorised: Magic Dart, Searing Ray, Dazzling Flash, Fulminant Prism, Iskenderun's Mystic Blast.
Found a scroll labelled UJACWARYIH.
You now have 3 gold pieces.
The jackal barks!
The magic dart hits the jackal but does no damage.
You can't see any susceptible monsters within range! (Use Z to cast anyway.)
You can't see any susceptible monsters within range! (Use Z to cast anyway.)
You can't see any susceptible monsters within range! (Use Z to cast anyway.)
Found an escape hatch in the floor.
The jackal closely misses you.
You miss the jackal. The jackal bites you.
The magic dart hits the jackal but does no damage.
The jackal closely misses you.
The magic dart hits the jackal.
The jackal is heavily wounded.
The jackal closely misses you. x2
The magic dart hits the jackal.
The jackal is almost dead.
The jackal barely misses you.
The magic dart hits the jackal.
You kill the jackal!
You can't see any susceptible monsters within range! (Use Z to cast anyway.)
b - a scroll labelled UJACWARYIH Annotate which branch? (. - D:1, ? - help, ! - show branch list)
Okay, then.
Char dumped successfully.
Welcome back, AlmostDecent the Djinni Conjurer.
Press ? for a list of commands and other information.
HP restored.
c - a scroll labelled AQYTAG IGOZISA You now have 9 gold pieces (gained 6).
d - a scroll labelled ZOUDEPRUTIO You need no library to learn spells.
Are you sure you want to abandon this character and quit the game? (Confirm with "yes".)

#######
#.....# ###
#....@# ...
#.....#
###.#
#.....#
......
+.....+
#...##.....#
##...######
#........#
#.#####..##
#
#...#######.


There were no monsters in sight!

Vanquished Creatures
  A jackal (D:1)
1 creature vanquished.

Notes
Turn   | Place    | Note
-------+----------+-------------------------------------------
     0 | D:1      | AlmostDecent the Djinni Conjurer began the quest for the
                  | Orb.
     0 | D:1      | AlmostDecent set off with the following spells memorised:
                  | Magic Dart, Searing Ray, Dazzling Flash, Fulminant Prism,
                  | Iskenderun's Mystic Blast.
     0 | D:1      | Reached XP level 1. HP: 15/15 MP: 0/0
    84 | D:1      | Quit the game

Illustrated notes

Levels and vault maps discovered:
D:1:      dpeg_arrival_brainrot, layout_basic, basic_ecumenical_altar,
          minmay_misc_feat_square, serial_bayou_lake_a

Action                     || total
---------------------------++-------
  Melee: Unarmed           ||     1
   Cast: Magic Dart        ||     5
  Dodge: Dodged            ||     5

Table legend: (Time is in decaauts)
 A = Elapsed time spent in this place.
 B = Non-inter-level travel time spent in this place.
 C = Inter-level travel time spent in this place.
 D = Time resting spent in this place.
 E = Time spent auto-exploring this place.
 F = Levels seen in this place.
 G = Mean time per level.
                   A        B        C        D        E       F      G
               +--------+--------+--------+--------+--------+-----+--------+
         Total |     84 |     84 |      0 |      0 |     58 |   1 |   84.0 |
       Dungeon |     84 |     84 |      0 |      0 |     58 |   1 |   84.0 |
               +--------+--------+--------+--------+--------+-----+--------+

Top non-repeatable levels by time:
     D:1: 84 daAuts
